 Dungeon Crawl Stone Soup version 0.31-a0-700-gf13585253f (webtiles) character file.

Game seed: 2568746214577299309

81 cforsyth the Trooper (level 4, -9/37 HPs)
             Began as a Djinni Chaos Knight on Sept 7, 2023.
             Was a Plaything of Xom.
             Killed by divine providence
             ... invoked by an orc priest
              (12 damage)
             ... on level 3 of the Dungeon.
             The game lasted 00:03:11 (1860 turns).

cforsyth the Trooper (Djinni Chaos Knight)          Turns: 1860, Time: 00:03:11

Health: -9/37      AC:  6    Str: 11    XL:     4   Next: 67%
Gold:   55         EV: 11    Int: 15    God:    Xom [.*....] SH:  0 Dex: 13

rFire   + + .        a - +0 falchion (chaos)
rCold   x . .        (no shield)
rNeg    . . .        b - +2 leather armour
rPois   ∞            (no helmet)
rElec   .            e - +0 cloak
rCorr   .            (no gloves)
SInv    .            (boots unavailable)
Will    .....        (no amulet) Stlth
                     (no ring)
HPRegen 0.26/turn    (no ring)
MPRegen 0.00/turn

%: infuse magic (-10 HP)
@: mighty, silenced (expiring), flying
A: sickness immunity, fire resistance 2, cold vulnerability 1, float, innate
caster, HP casting, extra vitality 1, MP-powered wands
a: Renounce Religion


You were on level 3 of the Dungeon.
You worshipped Xom.
You were a plaything of Xom.
You visited 1 branch of the dungeon, and saw 3 of its levels.

You collected 55 gold pieces.

Inventory:

Hand Weapons
 a - a +0 falchion of chaos (weapon)
Armour
 b - a +2 leather armour (worn)
 c - a +0 kite shield
 e - a +0 cloak (worn)
Scrolls
 d - 5 scrolls of identify {unknown}
 j - 3 scrolls of fear {unknown}
 k - a scroll of vulnerability {unknown}
 p - a scroll of noise {unknown}
Potions
 f - a potion of resistance {unknown}
 h - a potion of might
 i - a potion of haste {unknown}
 l - a potion of attraction {unknown}
 m - a potion of enlightenment {unknown}
 o - a potion of curing


   Skills:
 + Level 4.1 Fighting
 - Level 2.6 Long Blades
 - Level 1.0 Armour
 - Level 2.1 Dodging
 + Level 1.8 Spellcasting
 + Level 1.8 Conjurations
 + Level 1.8 Hexes
   Level 0.0 Charms
 + Level 1.8 Summonings
 + Level 1.8 Necromancy
 + Level 1.8 Translocations
 + Level 1.8 Transmutations
 + Level 1.8 Fire Magic
 + Level 1.8 Ice Magic
 + Level 1.8 Air Magic
 + Level 1.8 Earth Magic
 + Level 1.8 Poison Magic


You knew the following spells:

 Your Spells              Type           Power      Damage    Failure   Level
a - Foxfire               Conj/Fire      24%        2x1d5     14%         1
Your spell library was empty.

Dungeon Overview and Level Annotations

Branches:
Dungeon (3/15)

Altars:

Shops:
D:3 [


Innate Abilities, Weirdness & Mutations

You are immune to sickness and miasma.
You are immune to poison.
Your flesh is very heat resistant. (rF++)
You are vulnerable to cold. (rC-)
You float through the air rather than walking.
You learn spells naturally, not from books.
Your magical power is your life essence.
You have superior vitality. (+4 MHP)
You expend health (3 HP) to strengthen your wands.


Message History

The orc priest shouts!
You hear a shout! x3
The orc shouts!
The orc hits you with a +0 flail.
The orc priest invokes the aid of Beogh against you.
Beogh smites you!
You barely miss the orc. The orc barely misses you.
The orc hits you with a +0 flail!
Okay, then.
You aren't carrying any items that you can evoke.
As you read the scroll labelled ESUIFUIRHA, it crumbles to dust.
You feel aware of your surroundings.
It was a scroll of revelation.
The orc hits you with a +0 flail.
The orc priest hits you but does no damage.
As you read the scroll labelled UNUOFE SEAM, it crumbles to dust.
A profound silence engulfs you.
It was a scroll of silence.
The orc closely misses you.
The orc priest hits you with a +0 dagger.
* * * LOW HITPOINT WARNING * * *
The orc attacks as it pursues you! The orc hits you but does no damage.
The orc attacks as it pursues you! The orc hits you with a +0 flail.
* * * LOW HITPOINT WARNING * * *
The orc attacks as it pursues you! The orc hits you but does no damage.
Magic scrolls do not work when you're silenced!
It was a potion of might.
You feel very mighty all of a sudden.
Xom thinks this is hilarious!
The orc closely misses you.
It was a potion of curing.
You feel better. The orc hits you with a +0 flail.
The orc priest calls down the wrath of Beogh upon you.
Beogh smites you!
* * * LOW HITPOINT WARNING * * *
The orc wizard casts a spell.
The orc wizard flickers and vanishes!
Deactivating autopickup; reactivate with Ctrl-A.
The orc attacks as it pursues you! The orc hits you with a +0 flail.
* * * LOW HITPOINT WARNING * * *
The orc priest mumbles some strange prayers to Beogh against you.
Beogh smites you!
You die...
Xom giggles madly!

#####################
#.o.oo...@...<......#####
#o########..........#####
#.########################
#...o.oo..................
#...#..#..#..#..#..#..#..#
#................o.......[
#...#..#..#.)#..#..#..#..#
#...........).............
##########################


You could see an orc priest and 2 orcs.

Vanquished Creatures
  2 adders (D:2)
  2 gnolls
  A dart slug (D:2)
  4 ball pythons
  An endoplasm (D:1)
  A giant cockroach (D:1)
  4 goblins
  3 hobgoblins
  8 jackals (D:2)
  4 quokkas
  A bat (D:3)
  A frilled lizard (D:3)
  2 kobolds
  5 rats
39 creatures vanquished.

Vanquished Creatures (others)
  8 foxfires (D:3)
8 creatures vanquished.

Grand Total: 47 creatures vanquished

Notes
Turn   | Place    | Note
-------+----------+-------------------------------------------
     0 | D:1      | cforsyth the Djinni Chaos Knight began the quest for the
                  | Orb.
     0 | D:1      | Reached XP level 1. HP: 20/20 MP: 0/0
   114 | D:1      | XOM: potion effect (haste)
   125 | D:1      | Reached XP level 2. HP: 10/25 MP: 0/0
   127 | D:1      | XOM: silly message
   195 | D:1      | XOM: divination: magic mapping
   226 | D:1      | XOM: silly message
   306 | D:1      | Reached skill level 1 in Spellcasting
   306 | D:1      | Reached skill level 1 in Conjurations
   306 | D:1      | Reached skill level 1 in Hexes
   306 | D:1      | Reached skill level 1 in Summonings
   306 | D:1      | Reached skill level 1 in Necromancy
   306 | D:1      | Reached skill level 1 in Translocations
   306 | D:1      | Reached skill level 1 in Transmutations
   306 | D:1      | Reached skill level 1 in Fire Magic
   306 | D:1      | Reached skill level 1 in Ice Magic
   306 | D:1      | Reached skill level 1 in Air Magic
   306 | D:1      | Reached skill level 1 in Earth Magic
   306 | D:1      | Reached skill level 1 in Poison Magic
   382 | D:1      | XOM: divination: magic mapping
   494 | D:1      | Reached XP level 3. HP: 27/30 MP: 0/0
   494 | D:1      | Learned a level 1 spell: Foxfire
   574 | D:1      | XOM: give mutation
   574 | D:1      | Gained mutation: You expend health (3 HP) to strengthen
                  | your wands. [Xom's mischief]
   861 | D:2      | XOM: stat loss: -1 Dex (11/12)
   976 | D:2      | Found a faded altar of an unknown god.
  1071 | D:2      | Reached XP level 4. HP: 32/37 MP: 0/0
  1392 | D:2      | Reached skill level 4 in Fighting
  1574 | D:3      | XOM: chaos upgrade
  1582 | D:3      | XOM: silly message
  1631 | D:3      | Found Puzalan's Armour Boutique.
  1860 | D:3      | Killed from afar by an orc priest

Illustrated notes

Levels and vault maps discovered:
D:1:      amcnicky_arrival_blooded_trapdoor, layout_basic, minmay_crystal_room,
          dreamdust_princess_bridge, hangedman_decor_lopped, minmay_cut_off
D:2:      layout_basic, shapermc_ecumenical_altar_totnotflames,
          minmay_pentomino_s2
D:3:      layout_rooms, serial_shops, shop, grunt_decor_cap,
          columned_hall_lemuel, corexii_corridor_pit, hangedman_decor_growths,
          chequers_decorated_corner

Skill      XL: |  1  2  3  4 |
---------------+-------------+-----
Spellcasting   | 1 |  1.8
Conjurations   | 1 |  1.8
Hexes          | 1 |  1.8
Summonings     | 1 |  1.8
Necromancy     | 1 |  1.8
Translocations | 1 |  1.8
Transmutations | 1 |  1.8
Fire Magic     | 1 |  1.8
Ice Magic      | 1 |  1.8
Air Magic      | 1 |  1.8
Earth Magic    | 1 |  1.8
Poison Magic   | 1 |  1.8
Fighting       | 4 |  4.1
Long Blades    | |  2.6
Armour         | |  1.0
Dodging        | |  2.1

Action                     |  1- 3 |  4- 6 || total
---------------------------+-------+-------++-------
  Melee: Falchion          |    92 |    66 ||   158
         Punch             |     2 |     1 ||     3
   Cast: Foxfire           |       |     4 ||     4
    Use: Scroll            |       |     3 ||     3
         Potion            |       |     2 ||     2
 Armour: Leather armour    |    68 |    69 ||   137
  Dodge: Dodged            |    85 |    51 ||   136

Table legend: (Time is in decaauts)
 A = Elapsed time spent in this place.
 B = Non-inter-level travel time spent in this place.
 C = Inter-level travel time spent in this place.
 D = Time resting spent in this place.
 E = Time spent auto-exploring this place.
 F = Levels seen in this place.
 G = Mean time per level.
                   A        B        C        D        E       F      G
               +--------+--------+--------+--------+--------+-----+--------+
         Total |   1866 |   1833 |     33 |     14 |   1382 |   3 |  622.0 |
       Dungeon |   1866 |   1833 |     33 |     14 |   1382 |   3 |  622.0 |
               +--------+--------+--------+--------+--------+-----+--------+

Top non-repeatable levels by time:
     D:2: 819 daAuts
     D:1: 640 daAuts
     D:3: 406 daAuts
